 Dungeon Crawl Stone Soup version 0.29-a0-1016-g236c7fd91e (webtiles) character file.

Game seed: 7476814886308676921

12565 drpainis the Unseen (level 11, -17/51 HPs)
             Began as a Spriggan Enchanter on Aug 10, 2022.
             Was a Believer of Dithmenos.
             Killed from afar by a lindwurm (25 damage)
             ... with a blast of flame
             ... summoned by Kirke
             ... on level 13 of the Dungeon.
             The game lasted 00:33:27 (21367 turns).

drpainis the Unseen (Spriggan Enchanter)           Turns: 21367, Time: 00:33:27

Health: -17/51     AC:  0    Str:  4    XL:     11   Next: 64%
Magic:  21/27      EV: 18    Int: 19    God:    Dithmenos [**....]
Gold:   744        SH:  0    Dex: 18    Spells: 17/33 levels left

rFire   . . .      SeeInvis +   (weapon currently unavailable)
rCold   . . .      Faith    .   (shield currently unavailable)
rNeg    . . .      Spirit   .   (body armour currently unavailable)
rPois   .          Reflect  .   (helmet currently unavailable)
rElec   .          Harm     .   (cloak currently unavailable)
rCorr   .          Rampage  .   (gloves unavailable)
Will    +....      Rnd*Tele +   (boots unavailable)
Stlth   ++++++++..              d - amulet of regeneration
HPRegen 0.97/turn               (ring currently unavailable)
MPRegen 0.20/turn               (ring currently unavailable)

@: pig-form, slowed, wreathed by umbra
A: fast, no casting, small, no large weapons, unfitting armour, see invisible,
(speed 3), (poison resistance), teleportitis 1, devolution 1
a: Renounce Religion, Shadow Step


You were on level 13 of the Dungeon.
You worshipped Dithmenos.
Dithmenos was pleased with you.
You were a filthy swine.
You visited 2 branches of the dungeon, and saw 14 of its levels.

You collected 892 gold pieces.
You spent 148 gold pieces at shops.

Inventory:

Hand Weapons
 a - a +1 dagger
 r - a +0 short sword of speed
 y - a +6 short sword of freezing
 I - a +4 dagger of speed (melded)
Missiles
 t - 3 throwing nets (quivered)
Armour
 b - a +0 robe (melded)
 m - a +2 cloak (melded)
 L - a +0 robe
Magical Staves
 c - a staff of cold
 A - a staff of air
Jewellery
 d - an amulet of regeneration (around neck)
 g - a +6 ring of strength
 k - an amulet of faith
 l - a ring of willpower
 s - a +6 ring of dexterity (melded)
 C - a ring of fire
 R - a ring of poison resistance
 U - a ring of magical power (melded)
Wands
 p - a wand of flame (16)
 E - a wand of paralysis (17)
 F - a wand of roots (7)
 H - a wand of mindburst (4)
 M - a wand of polymorph (11)
 O - a wand of light (7)
Scrolls
 e - 4 scrolls of poison
 f - 8 scrolls of teleportation
 h - 3 scrolls of blinking
 j - a scroll of identify
 u - 3 scrolls of magic mapping
 v - 5 scrolls of fear
 G - a scroll of vulnerability
 J - 2 scrolls of silence
 K - a scroll of enchant weapon
 Q - 4 scrolls of butterflies
 V - 2 scrolls of summoning
Potions
 i - 2 potions of heal wounds
 n - 2 potions of resistance
 o - 4 potions of haste
 q - 4 potions of lignification
 w - a potion of might {unknown}
 x - 2 potions of ambrosia
 z - 2 potions of degeneration
 B - a potion of berserk rage {unknown}
 N - a potion of attraction {unknown}
 P - 4 potions of curing
 T - a potion of brilliance {unknown}


   Skills:
 + Level 2.5 Fighting
 + Level 5.5 Short Blades
 + Level 6.6 Dodging
 + Level 15.5 Stealth
 + Level 11.5 Spellcasting
 + Level 1.1 Conjurations
 + Level 10.7 Hexes
 + Level 5.0 Ice Magic
 + Level 0.4 Earth Magic


You had 17 spell levels left.
You knew the following spells:

 Your Spells              Type           Power      Damage    Failure   Level
a - Ensorcelled Hibernat  Hex/Ice        80%        N/A       1%          2
b - Confusing Touch       Hex            51%        N/A       1%          3
c - Tukima's Dance        Hex            51%        N/A       1%          3
d - Dazzling Flash        Conj/Hex       66%        N/A       1%          3
e - Passwall              Tmut/Erth      9%         N/A       9%          2
f - Stone Arrow           Conj/Erth      26%        3d8       14%         3

Your spell library contained the following spells:

 Spells                   Type           Power      Damage    Failure   Level
 Freeze                   Ice            100%       1d11      1%          1
 Frozen Ramparts          Ice            58%        1d9       2%          3
 Shock                    Conj/Air       52%        1d6       4%          1
 Sandblast                Erth           24%        2d8       5%          1
 Conjure Flame            Conj/Fire      13%        6-21      16%         3
 Ignite Poison            Fire/Tmut/Pois 10%        N/A       19%         3
 Swiftness                Air            10%        N/A       19%         3
 Hailstorm                Conj/Ice       22%        3d7       19%         4
 Silence                  Hex/Air        15%        N/A       21%         5
 Sticky Flame             Conj/Fire      13%        2d4       45%         4
 Airstrike                Air            5%         2d(1-17)  54%         4
 Corpse Rot               Necr/Pois/Air  10%        N/A       54%         4
 Dispel Undead            Necr           10%        3d9       54%         4
 Summon Lightning Spire   Summ/Air       10%        N/A       54%         4
 Lightning Bolt           Conj/Air       6%         1d18      80%         5
 Agony                    Necr           10%        N/A       87%         5
 Death Channel            Necr           5%         N/A       100%        6


Dungeon Overview and Level Annotations

Branches:
Dungeon (13/15)            Temple (1/1) D:7            Lair (0/5) D:10
    Orc (0/2) D:9
 Vaults: D:13-14

Altars:
Ashenzari
Cheibriados
Dithmenos
Elyvilon
Fedhas
Gozag
Hepliaklqana
Kikubaaqudgha
Makhleb
Nemelex Xobeh
Okawaru
Qazlal
Ru
Sif Muna
Trog
Uskayaw
Vehumet
Wu Jian
Xom
Yredelemnul
Zin
The Shining One

Shops:
D:12 ?

Portals:
Trove: D:10 (give +7 demon blade)

Annotations:
D:13 Kirke


Innate Abilities, Weirdness & Mutations

You are a filthy swine.
You move quickly.
Your equipment is almost entirely melded.
You are incapable of wielding weapons or throwing items.
You cannot cast spells.
You are very small and have problems with some larger weapons.
You are too small for most types of armour.
You have supernaturally acute eyesight. (SInv)
((You cover ground extremely quickly. (Speed+++)))
((Your system is resistant to poisons. (rPois)))
You are occasionally teleported next to monsters.
You have hidden genetic defects.


Message History

Confirm with . or Enter, or press ? or * to list all spells.
Okay, then.
Casting: Ensorcelled Hibernation (safe; 1% risk of failure)
Confirm with . or Enter, or press ? or * to list all spells.
Your hands begin to glow red.
Kirke misses you.
You hit Kirke but do no damage. You hit Kirke but do no damage.
Kirke casts a spell at you.
You turn into a filthy swine.
Your +4 dagger of speed melds into your body.
Your +2 cloak melds into your body.
Your +0 robe melds into your body.
Your +6 ring of dexterity melds into your body.
Your ring of magical power melds into your body.
You feel clumsy.
You feel your magic capacity decrease. Kirke gestures at you while chanting.
You feel yourself slow down.
A centaur warrior comes into view.
Kirke casts a spell at you.
You feel a momentary urge to oink. Kirke hits you!
Kirke says, "Can we stop fighting?
I have some good wine for you..." Kirke hits you.
Kirke casts a spell.
Kirke summons a lindwurm!
Kirke attacks as you move away! Kirke hits you.
The lindwurm breathes flames at you. The blast of flame hits you!!
Ouch! That really hurt!
* * * LOW HITPOINT WARNING * * *
Kirke attacks as you move away! Kirke completely misses you. Kirke hits you.
* * * LOW HITPOINT WARNING * * *
Your front trotters stop glowing.
There is a stone staircase leading up here.
Kirke casts a spell at you. You resist with some effort.
The lindwurm breathes flames at you. The blast of flame hits you!!
You die...

#..........#
#..........#
#..........#
######.....#
#.....#
#.....#
#.....#
#...k.#
#...@h#
######.....#
#...#......#
#...#......#
#...##.....#
#...##.....#
#..........#
#(.........#
#...########


You could see Kirke and a lindwurm (summoned, catching breath).

Vanquished Creatures
  A boulder beetle (D:11)
  2 two-headed ogres
  A tengu warrior (D:13)
  A cyclops (D:11)
  A manticore (D:11)
  Joseph (D:8)
  An unseen horror (D:11)
  2 trolls
  Grinder (D:6)
  A hornet (D:8)
  Prince Ribbit (D:9)
  3 slime creatures (D:12)
  Sigmund (D:6)
  3 yaks (D:9)
  3 wraiths
  2 shadows
  3 hogs (D:13)
  2 steam dragons
  A water moccasin (D:7)
  An acid dragon (D:9)
  7 orc warriors (D:9)
  2 black bears (D:5)
  An ice beast (D:6)
  A centaur (D:6)
  A phantom (D:7)
  6 bullfrogs
  4 kobold brigands
  A necrophage (D:5)
  4 scorpions
  12 wights
  7 killer bees
  11 howler monkeys
  A gnoll bouda (D:7)
  4 orc priests
  2 hounds
  Natasha (thrice) (D:4)
  2 iguanas (D:5)
  Terence (D:3)
  9 orc wizards
  Robin (D:2)
  3 gnolls (D:7)
  8 adders
  A shadow imp (D:5)
  A white imp (D:7)
  An ufetubus (D:4)
  2 worms
  A dart slug (D:1)
  39 orcs
  4 ball pythons
  7 endoplasms
  2 giant cockroaches (D:1)
  16 goblins
  6 hobgoblins
  4 jackals (D:3)
  9 quokkas
  6 bats
  3 frilled lizards (D:1)
  20 kobolds
  3 rats
248 creatures vanquished.

Vanquished Creatures (collateral kills)
  A two-headed ogre (D:10)
  A centaur (D:8)
  4 wights
  An orc wizard (D:8)
  An orc (D:10)
8 creatures vanquished.

Vanquished Creatures (others)
  8 dancing weapons
8 creatures vanquished.

Grand Total: 264 creatures vanquished

Notes
Turn   | Place    | Note
-------+----------+-------------------------------------------
     0 | D:1      | drpainis the Spriggan Enchanter began the quest for the
                  | Orb.
     0 | D:1      | Reached XP level 1. HP: 9/9 MP: 5/5
   365 | D:1      | Reached XP level 2. HP: 13/13 MP: 6/6
   378 | D:1      | Learned a level 2 spell: Ensorcelled Hibernation
   743 | D:1      | Reached skill level 5 in Stealth
  1181 | D:1      | Reached XP level 3. HP: 16/16 MP: 8/8
  1850 | D:2      | Noticed Robin
  2186 | D:2      | Killed Robin
  2187 | D:2      | Reached XP level 4. HP: 21/21 MP: 2/9
  2737 | D:2      | Learned a level 3 spell: Confusing Touch
  2741 | D:2      | Learned a level 3 spell: Tukima's Dance
  3248 | D:3      | Noticed Terence
  3272 | D:3      | Killed Terence
  3273 | D:3      | Reached skill level 6 in Stealth
  3869 | D:4      | Reached XP level 5. HP: 25/25 MP: 11/11
  4013 | D:4      | Found a snail-covered altar of Cheibriados.
  4612 | D:4      | Reached skill level 7 in Stealth
  4612 | D:4      | Reached XP level 6. HP: 29/29 MP: 6/13
  4753 | D:4      | Noticed Natasha
  4764 | D:4      | Reached skill level 1 in Fighting
  4766 | D:4      | Killed Natasha
  4846 | D:4      | Noticed Natasha
  4852 | D:4      | Killed Natasha
  4853 | D:4      | Reached skill level 5 in Hexes
  4853 | D:4      | Reached skill level 1 in Ice Magic
  5029 | D:4      | Noticed Natasha
  5036 | D:4      | Killed Natasha
  5219 | D:4      | Learned a level 3 spell: Dazzling Flash
  5339 | D:5      | Entered Level 5 of the Dungeon
  5352 | D:5      | Reached XP level 7. HP: 33/33 MP: 15/15
  5374 | D:5      | Reached skill level 8 in Stealth
  5374 | D:5      | Reached skill level 5 in Spellcasting
  6491 | D:6      | Found a shimmering altar of Xom.
  6656 | D:6      | Reached skill level 9 in Stealth
  6908 | D:6      | Reached XP level 8. HP: 37/37 MP: 17/17
  6915 | D:6      | Noticed Grinder
  7709 | D:6      | Found a sacrificial altar of Ru.
  7755 | D:6      | Killed Grinder
  7962 | D:6      | Noticed Sigmund
  7981 | D:6      | Killed Sigmund
  9167 | D:6      | Gained mutation: You expend magic power (3 MP) to
                  | strengthen your wands. [potion of mutation]
  9167 | D:6      | Gained mutation: You are partially covered in iridescent
                  | scales. (AC +2) [potion of mutation]
  9168 | D:6      | Lost mutation: You expend magic power (3 MP) to strengthen
                  | your wands. [potion of mutation]
  9168 | D:6      | Lost mutation: You are partially covered in iridescent
                  | scales. (AC +2) [potion of mutation]
  9168 | D:6      | Gained mutation: You have hidden genetic potential. [potion
                  | of mutation]
  9168 | D:6      | Gained mutation: You have very sharp teeth. [potion of
                  | mutation]
  9168 | D:6      | Gained mutation: You expend magic power (3 MP) to
                  | strengthen your wands. [potion of mutation]
  9169 | D:6      | Lost mutation: You expend magic power (3 MP) to strengthen
                  | your wands. [potion of mutation]
  9169 | D:6      | Lost mutation: You have very sharp teeth. [potion of
                  | mutation]
  9169 | D:6      | Gained mutation: You occasionally lose the ability to drink
                  | potions when taking damage. [potion of mutation]
  9171 | D:6      | Lost mutation: You occasionally lose the ability to drink
                  | potions when taking damage. [potion of mutation]
  9171 | D:6      | Lost mutation: You have hidden genetic potential. [potion
                  | of mutation]
  9171 | D:6      | Gained mutation: Your spells are a little harder to cast,
                  | but a little more powerful. [potion of mutation]
  9171 | D:6      | Gained mutation: Your muscles are strong. (Str +4, Int/Dex
                  | -1) [potion of mutation]
  9172 | D:6      | Lost mutation: Your spells are a little harder to cast, but
                  | a little more powerful. [potion of mutation]
  9172 | D:6      | Lost mutation: Your muscles are strong. (Str +4, Int/Dex
                  | -1) [potion of mutation]
  9172 | D:6      | Gained mutation: You are occasionally teleported next to
                  | monsters. [potion of mutation]
  9172 | D:6      | Gained mutation: You are often teleported next to monsters.
                  | [potion of mutation]
  9175 | D:6      | Lost mutation: You are often teleported next to monsters.
                  | [potion of mutation]
  9175 | D:6      | Lost mutation: You are occasionally teleported next to
                  | monsters. [potion of mutation]
  9175 | D:6      | Gained mutation: You have hidden genetic potential. [potion
                  | of mutation]
 10150 | D:7      | Found a staircase to the Ecumenical Temple.
 10308 | D:7      | Reached XP level 9. HP: 42/42 MP: 17/21
 10323 | D:7      | Reached skill level 5 in Dodging
 10323 | D:7      | Reached skill level 10 in Stealth
 11305 | D:8      | Noticed a two-headed ogre
 11343 | D:8      | Gained mutation: You are partially covered in iridescent
                  | scales. (AC +2) [hidden potential]
 11397 | D:8      | Noticed Joseph
 11570 | D:8      | Reached skill level 11 in Stealth
 12775 | D:8      | Killed a two-headed ogre
 12776 | D:8      | Reached XP level 10. HP: 42/46 MP: 17/24
 12781 | D:8      | Killed Joseph
 12782 | D:8      | Reached skill level 12 in Stealth
 12802 | D:8      | Gained mutation: Your system is resistant to poisons.
                  | (rPois) [hidden potential]
 12802 | D:8      | Lost mutation: You have hidden genetic potential. [hidden
                  | potential expressed]
 13134 | D:8      | Found an ancient bone altar of Kikubaaqudgha.
 13135 | D:8      | Found an iron altar of Okawaru.
 13692 | Temple   | Entered the Ecumenical Temple
 13996 | Temple   | Became a worshipper of Dithmenos the Shadowed
 14814 | D:9      | Reached skill level 5 in Short Blades
 14814 | D:9      | Reached skill level 10 in Spellcasting
 15337 | D:9      | Noticed Prince Ribbit
 15349 | D:9      | Killed Prince Ribbit
 15652 | D:9      | Reached skill level 13 in Stealth
 15830 | D:9      | Lost mutation: You are partially covered in iridescent
                  | scales. (AC +2) [potion of mutation]
 15830 | D:9      | Lost mutation: Your system is resistant to poisons. (rPois)
                  | [potion of mutation]
 15830 | D:9      | Gained mutation: You are frail. (-10% HP) [potion of
                  | mutation]
 16263 | D:9      | Reached * piety under Dithmenos
 16320 | D:9      | Found a staircase to the Orcish Mines.
 16651 | D:10     | Entered Level 10 of the Dungeon
 16704 | D:10     | Lost mutation: You are frail. (-10% HP) [potion of
                  | mutation]
 16704 | D:10     | Gained mutation: You have large cloven feet. [potion of
                  | mutation]
 16704 | D:10     | Gained mutation: Your mind is acute. (Int +4, Str/Dex -1)
                  | [potion of mutation]
 17056 | D:10     | Reached skill level 1 in Conjurations
 17421 | D:10     | Found a staircase to the Lair.
 17783 | D:10     | Found a portal to a secret trove of treasure.
 17791 | D:10     | Noticed a two-headed ogre
 17813 | D:10     | Killed a two-headed ogre
 17828 | D:10     | Reached XP level 11. HP: 50/50 MP: 11/26
 18574 | D:10     | Learned a level 2 spell: Passwall
 18905 | D:11     | Noticed a two-headed ogre
 18907 | D:11     | You fall into a shaft and drop 2 floors!
 19113 | D:13     | Noticed a tengu warrior
 19126 | D:13     | Killed a tengu warrior
 19127 | D:13     | Reached skill level 10 in Hexes
 19348 | D:12     | Found a gate leading to a gauntlet.
 19353 | D:12     | Reached skill level 14 in Stealth
 19393 | D:11     | Killed a two-headed ogre
 19549 | D:11     | Reached ** piety under Dithmenos
 19645 | D:11     | Lost mutation: Your mind is acute. (Int +4, Str/Dex -1)
                  | [potion of mutation]
 19645 | D:11     | Lost mutation: You have large cloven feet. [potion of
                  | mutation]
 19645 | D:11     | Gained mutation: You have hidden genetic defects. [potion
                  | of mutation]
 19645 | D:11     | Gained mutation: You are occasionally teleported next to
                  | monsters. [potion of mutation]
 19645 | D:11     | Gained mutation: Your system is resistant to poisons.
                  | (rPois) [potion of mutation]
 19892 | D:11     | Noticed a boulder beetle
 19899 | D:11     | Killed a boulder beetle
 20485 | D:11     | Learned a level 3 spell: Stone Arrow
 20524 | D:12     | Found a shadowy altar of Dithmenos.
 20532 | D:12     | Reached skill level 15 in Stealth
 20937 | D:12     | Found Gahon's Magic Scroll Emporium.
 20943 | D:12     | Bought a scroll of identify for 22 gold pieces
 20943 | D:12     | Bought a scroll of enchant weapon for 82 gold pieces
 20943 | D:12     | Bought a scroll of identify for 22 gold pieces
 20943 | D:12     | Bought a scroll of identify for 22 gold pieces
 21212 | D:13     | Noticed Kirke
 21227 | D:13     | Reached skill level 5 in Ice Magic
 21357 | D:13     | Noticed a centaur warrior
 21363 | D:13     | Noticed a lindwurm
 21367 | D:13     | Killed from afar by a lindwurm

Illustrated notes

Levels and vault maps discovered:
D:1:      roderic_crossed_star, layout_basic
D:2:      layout_loops_cross, uniq_robin
D:3:      layout_loops_ring, uniq_terence
D:4:      layout_cave_pools, mainiacjoe_overflow_concentric_impassable,
          uniq_natasha
D:5:      black_bear_nest_2, layout_loops_ring, kennysheep_dice
D:6:      layout_basic, xom_teletrap_fun, nicolae_ru_awakened_eye, uniq_sigmund,
          uniq_grinder
D:7:      layout_loops_ring, minmay_temple_entry_trees, serial_glass,
          glass_columns_a, glass_columns_b, glass_columns_a, glass_columns_a,
          glass_columns_a, glass_columns_a, glass_columns_b, glass_columns_a,
          glass_columns_a, glass_columns_b
D:8:      layout_basic, gammafunk_temple_overflow_statue, serial_rivers,
          chequers_serial_rivers_large_a, chequers_serial_rivers_micro_b,
          chequers_serial_rivers_micro_e, chequers_serial_rivers_room_a,
          kennysheep_another_room, uniq_joseph
D:9:      layout_loops_ring, david_orc_5, uniq_prince_ribbit1
D:10:     layout_basic, lair_entry_dummy, nicolae_trove_entry_isolated,
          grunt_decor_cap
D:11:     layout_gridville, serial_rivers, chequers_serial_rivers_marsh,
          chequers_serial_rivers_micro_c, chequers_serial_rivers_small_b,
          chequers_serial_rivers_micro_d, chequers_serial_rivers_micro_d,
          chequers_serial_rivers_marsh
D:12:     layout_basic, serial_shops, shop, gauntlet_entry_generic,
          grunt_dithmenos_smoke
D:13:     layout_stronghold, uniq_kirke
Temple:   minmay_temple_bridge_d

Skill      XL: |  1  2  3  4  5  6  7  8  9 10 11 |
---------------+----------------------------------+-----
Dodging        | 3 4 6 |  6.6
Stealth        | 5 6 7 9 11 13 15 | 15.5
Spellcasting   | 3 4 5 7 9 10 11 | 11.5
Hexes          | 4 5 6 7 8 9 10 | 10.7
Short Blades   | 2 3 4 5 |  5.5
Fighting       | 1 2 |  2.5
Ice Magic      | 1 3 4 5 |  5.0
Conjurations   | 1 |  1.1
Earth Magic    | |  0.4

Action                   |  1- 3 |  4- 6 |  7- 9 | 10-12 || total
-------------------------+-------+-------+-------+-------++-------
Melee: Dagger            |   143 |    17 |    97 |   270 ||   527
       Punch             |     2 |     1 |     3 |     9 ||    15
       Short sword       |       |   100 |   130 |       ||   230
       Kick              |       |       |       |    35 ||    35
 Cast: Ensorcelled Hiber |    12 |    16 |    78 |    78 ||   184
       Confusing Touch   |       |     2 |    12 |    11 ||    25
       Tukima's Dance    |       |     9 |    20 |    12 ||    41
       Dazzling Flash    |       |       |     1 |    19 ||    20
       Stone Arrow       |       |       |       |     3 ||     3
  Use: Potion            |       |       |     8 |     4 ||    12
       Scroll            |       |       |     4 |    17 ||    21
 Stab: Sleeping          |    18 |    21 |    44 |    51 ||   134
       Confused          |       |     1 |     7 |    10 ||    18
       Distracted        |       |       |     3 |     1 ||     4
       Invisible         |       |       |     2 |    18 ||    20
Armor: Robe              |    15 |    10 |    14 |     7 ||    46
Dodge: Dodged            |   117 |    69 |   214 |   166 ||   566

Table legend: (Time is in decaauts)
 A = Elapsed time spent in this place.
 B = Non-inter-level travel time spent in this place.
 C = Inter-level travel time spent in this place.
 D = Time resting spent in this place.
 E = Time spent auto-exploring this place.
 F = Levels seen in this place.
 G = Mean time per level.
                   A        B        C        D        E       F      G
               +--------+--------+--------+--------+--------+-----+--------+
         Total |  17537 |  17332 |    205 |  10506 |   4156 |  14 | 1252.6 |
       Dungeon |  17308 |  17188 |    120 |  10506 |   4026 |  13 | 1331.4 |
        Temple |    229 |    144 |     85 |      0 |    130 |   1 |  229.0 |
               +--------+--------+--------+--------+--------+-----+--------+

Top non-repeatable levels by time:
     D:6: 3106 daAuts
     D:9: 2157 daAuts
    D:10: 1762 daAuts
     D:7: 1632 daAuts
     D:8: 1508 daAuts
     D:1: 1232 daAuts
    D:11: 1070 daAuts
     D:4: 1028 daAuts
     D:3: 1017 daAuts
     D:2: 971 daAuts
     D:5: 823 daAuts
    D:12: 735 daAuts
    D:13: 262 daAuts
  Temple: 229 daAuts
